 Dungeon Crawl Stone Soup version 0.28-a0-429-g1448048969 (webtiles) character file.

Game seed: 1617076538560838853

297 tzalcoatl the Gusty (level 6, -5/51 HPs)
             Began as a Draconian Air Elementalist on Sept 10, 2021.
             Slain by a black bear (8 damage)
             ... on level 4 of the Dungeon.
             The game lasted 00:18:34 (4128 turns).

tzalcoatl the Gusty (Draconian Air Elementalist)    Turns: 4128, Time: 00:18:35

Health: -5/51      AC:  8    Str: 10    XL:     6   Next: 12%
Magic:  4/10       EV: 12    Int: 17    God:
Gold:   216        SH:  0    Dex: 12    Spells: 8/11 levels left

rFire   . . .      SeeInvis .   b - +0 short sword (drain)
rCold   . . .      Faith    .   (no shield)
rNeg    . . .      Spirit   .   (armour unavailable)
rPois   .          Reflect  .   (helmet restricted)
rElec   .          Harm     .   q - +0 cloak
rCorr   .          Rampage  .   n - +0 pair of gloves
Will    .....                   (no boots)
Stlth   ++........              f - amulet of magic regeneration
HPRegen 0.17/turn               (no ring)
MPRegen 0.37/turn               (no ring)

@: very slightly contaminated
A: AC +6, unfitting armour, cold-blooded
a: no special abilities


You were on level 4 of the Dungeon.
You visited 1 branch of the dungeon, and saw 5 of its levels.

You collected 216 gold pieces.

Inventory:

Hand Weapons
 a - a +0 hunting sling
 b - a +0 short sword of draining (weapon)
 k - a +2 flail of holy wrath
 l - a +3 hand axe
Missiles
 e - 154 stones
 m - 18 sling bullets
Armour
 n - a +0 pair of gloves (worn)
 q - a +0 cloak (worn)
Jewellery
 f - an amulet of magic regeneration (around neck)
 r - a ring of ice
Wands
 u - a wand of paralysis (10)
Scrolls
 c - 2 scrolls of immolation {unknown}
 d - a scroll of teleportation {unknown}
 i - 6 scrolls of identify {unknown}
 j - a scroll of fog {unknown}
 o - a scroll of noise {unknown}
Potions
 g - 2 potions of brilliance {unknown}
 h - 5 potions of curing
 p - a potion of ambrosia {unknown}
 s - a potion of heal wounds {unknown}
 t - a potion of degeneration {unknown}


   Skills:
 + Level 3.1 Fighting
 - Level 2.1 Dodging
 - Level 2.1 Stealth
 - Level 3.0 Spellcasting
 + Level 3.5 Conjurations
 - Level 4.0 Air Magic


You had 8 spell levels left.
You knew the following spells:

 Your Spells              Type           Power      Damage    Failure   Level
a - Shock                 Conj/Air       60%        1d6       3%          1
b - Static Discharge      Conj/Air       15%        N/A       5%          2

Your spell library contained the following spells:

 Spells                   Type           Power      Damage    Failure   Level
 Swiftness                Air            16%        N/A       10%         3
 Airstrike                Air            8%         N/A       32%         4


Dungeon Overview and Level Annotations

Branches:
Dungeon (5/15)
 Temple: D:4-7

Altars:

Shops:
D:2 (


Innate Abilities, Weirdness & Mutations

Your plain brown scales are hard. (AC +6)
You cannot fit into any form of body armour.
You are cold-blooded and may be slowed by cold attacks.


Message History

The black bear completely misses you.
The black bear goes berserk!
Casting: Shock (safe; 3% risk of failure)
Confirm with . or Enter, or press ? or * to list all spells.
Aiming: Shock (safe; 3% risk of failure)
Press: ? - help, Shift-Dir - straight line, f - black bear
Aim: a black bear (severely wounded, berserk, 79% to hit)
The zap hits the black bear.
The black bear is severely wounded.
Casting: Shock (safe; 3% risk of failure)
Confirm with . or Enter, or press ? or * to list all spells.
Aiming: Shock (safe; 3% risk of failure)
Press: ? - help, Shift-Dir - straight line, f/p - black bear
Aim: a black bear (severely wounded, berserk, 79% to hit)
The zap hits the black bear.
The black bear is almost dead.
The black bear barely misses you. The black bear claws you. x2
The black bear bites you!
* * * LOW HITPOINT WARNING * * *
The black bear closely misses you. The black bear claws you.
* * * LOW HITPOINT WARNING * * *
Casting: Shock (safe; 3% risk of failure)
Confirm with . or Enter, or press ? or * to list all spells.
Aiming: Shock (safe; 3% risk of failure)
Press: ? - help, Shift-Dir - straight line, f/p - black bear
Aim: a black bear (almost dead, berserk, 79% to hit)
You miscast Shock.
You are very lightly contaminated with residual magic.
Nothing appears to happen.
The black bear barely misses you. The black bear claws you.
* * * LOW HITPOINT WARNING * * *
The black bear claws you but does no damage.
Casting: Shock (safe; 3% risk of failure)
Confirm with . or Enter, or press ? or * to list all spells.
The black bear is struck by an arc of lightning.
The black bear is almost dead.
You are struck by an arc of lightning.
* * * LOW HITPOINT WARNING * * *
The lightning grounds out.
The black bear bites you!
You die...

#.###.##.#######.## #..#.#.#
#........# #.# #..#.#.# #####.####
#.# #..#...# # #.# ##'## #..##..#
######.### ##...## #..##..#
.........# ##.>...## #..##..#
.####.#..# ##....[..## #.......
.####.#.รท####...h.....####...#.##
......#.....'...@.....'........#
.#.#######.##.........####...#.#
.#..<.#....###.......## ##.##.#
......#..### ##.....## ####.#
####..#.## ##...## #####.#
#....#########'## #.....#
#.#####........# #.##### #.#
#.>...<..# #.# #.#####........##
#.#


You could see a black bear (berserk).

Vanquished Creatures
  A black bear (D:4)
  A centaur skeleton (D:4)
  An orc priest (D:3)
  Robin (D:2)
  3 adders
  An adder skeleton (D:4)
  4 worms
  2 dart slugs (D:2)
  6 orcs (D:3)
  3 bats
  6 endoplasms
  6 giant cockroaches
  13 goblins
  8 hobgoblins
  4 quokkas
  12 ball pythons
  A frilled lizard (D:3)
  5 kobolds
  8 rats
86 creatures vanquished.

Notes
Turn   | Place    | Note
-------+----------+-------------------------------------------
     0 | D:1      | tzalcoatl the Draconian Air Elementalist began the quest
                  | for the Orb.
     0 | D:1      | Reached XP level 1. HP: 14/14 MP: 3/3
   383 | D:1      | Reached XP level 2. HP: 20/20 MP: 1/5
   528 | D:1      | Found a faded altar of an unknown god.
  1014 | D:2      | Reached XP level 3. HP: 25/26 MP: 3/6
  1031 | D:2      | Found Efeollataa's Antique Weapon Emporium.
  1701 | D:2      | Reached XP level 4. HP: 30/33 MP: 5/8
  1851 | D:2      | Noticed Robin
  1884 | D:2      | Killed Robin
  2356 | D:3      | Learned a level 2 spell: Static Discharge
  2448 | D:3      | Reached skill level 4 in Air Magic
  2509 | D:3      | Reached skill level 1 in Fighting
  2509 | D:3      | Reached XP level 5. HP: 23/40 MP: 3/9
  3647 | D:4      | Noticed a black bear
  3663 | D:4      | Killed a black bear
  3785 | D:4      | Reached XP level 6. HP: 51/51 MP: 10/10
  4097 | D:5      | Entered Level 5 of the Dungeon
  4128 | D:4      | Slain by a black bear

Illustrated notes

Levels and vault maps discovered:
D:1:      erik_arrival_triangle_small, layout_rooms,
          hellmonk_ecumenical_altar_crossroads, minmay_pentomino_u4
D:2:      layout_basic, serial_shops, shop, minmay_misc_feat_pillars, uniq_robin
D:3:      layout_loops_cross
D:4:      layout_loops_corners, kennysheep_donut
D:5:      layout_rooms

Skill      XL: |  1  2  3  4  5 |
---------------+----------------+-----
Stealth        | 2 |  2.1
Dodging        | 2 |  2.1
Conjurations   | 2 3 |  3.5
Spellcasting   | 3 |  3.0
Air Magic      | 4 |  4.0
Fighting       | 1 3 |  3.1

Action                   |  1- 3 |  4- 6 || total
-------------------------+-------+-------++-------
Melee: Unarmed           |    22 |       ||    22
       Tailslap          |    11 |     3 ||    14
       Short sword       |    40 |    40 ||    80
       Club              |     8 |       ||     8
 Fire: Hunting sling     |     2 |       ||     2
 Cast: Shock             |    56 |    90 ||   146
       Static Discharge  |       |     1 ||     1
  Use: Potion            |     1 |       ||     1
 Stab: Sleeping          |     2 |     1 ||     3
Armor: Skin              |    33 |    38 ||    71
Dodge: Dodged            |    44 |    54 ||    98

Table legend: (Time is in decaauts)
 A = Elapsed time spent in this place.
 B = Non-inter-level travel time spent in this place.
 C = Inter-level travel time spent in this place.
 D = Time resting spent in this place.
 E = Time spent auto-exploring this place.
 F = Levels seen in this place.
 G = Mean time per level.
                   A        B        C        D        E       F      G
               +--------+--------+--------+--------+--------+-----+--------+
         Total |   4133 |   3935 |    198 |    406 |   2715 |   5 |  826.6 |
       Dungeon |   4133 |   3935 |    198 |    406 |   2715 |   5 |  826.6 |
               +--------+--------+--------+--------+--------+-----+--------+

Top non-repeatable levels by time:
     D:2: 1392 daAuts
     D:4: 1070 daAuts
     D:1: 876 daAuts
     D:3: 774 daAuts
     D:5: 18 daAuts
